 Dungeon Sprint DCSS version 0.27-a0-103-g6cd7b45605 (webtiles) character file.

Game seed: 5398463418337320255

8092 mhtbhm the Bludgeoner (level 11, -1/111 HPs)
             Began as a Minotaur Fighter on Jan 23, 2021.
             Was an Initiate of Gozag.
             Killed by drain life
             ... invoked by a soul eater
             ... summoned by an orc high priest
              (10 damage)
             ... in the Dungeon (Sprint IX: "|||||||||||||||||||||||||||||").
             The game lasted 00:02:46 (1674 turns).

mhtbhm the Bludgeoner (Minotaur Fighter)            Turns: 1674, Time: 00:02:47

Health: -1/111     AC: 17    Str: 24    XL:     11   Next: 5%
Magic:  10/10      EV: 13    Int:  8    God:    Gozag
Gold:   4657       SH: 13    Dex: 10    Spells: 10/10 levels left

rFire    . . .     SeeInvis .   a - +2 morningstar of Fragile Peace {vorpal, Stlth+}
rCold    . . .     Faith    .   c - +0 kite shield
rNeg     . . .     Spirit   .   b - +1 chain mail
rPois    .         Reflect  .   (helmet restricted)
rElec    .         Harm     .   (no cloak)
rCorr    .         Rampage  .   q - +0 pair of gloves
Will     .....     NoTele   +   p - +0 pair of boots
Stlth    ..........             (no amulet)
HPRegen  0.28/turn              n - +2 ring of evasion
MPRegen  0.12/turn              o - +3 ring of intelligence

@: gold aura
A: retaliatory headbutt, horns 2
a: Renounce Religion, Potion Petition, Call Merchant, Bribe Branch


You were in the Dungeon.
You worshipped Gozag.
Gozag was most pleased with you.
You visited 1 branch You collected 4657 gold pieces.

Inventory:

Hand Weapons
 a - the +2 morningstar of Fragile Peace (weapon) {vorpal, Stlth+}
   (You found it in the Dungeon)

   It inflicts extra damage upon your enemies.
   It makes you more stealthy.
Armour
 b - a +1 chain mail (worn)
 c - a +0 kite shield (worn)
 p - a +0 pair of boots (worn)
 q - a +0 pair of gloves (worn)
Jewellery
 n - a +2 ring of evasion (left hand)
 o - a +3 ring of intelligence (right hand)
Wands
 m - a wand of acid (3)
Scrolls
 j - 3 scrolls of blinking
 k - 4 scrolls of remove curse
 l - 2 scrolls of amnesia
 r - 2 scrolls of identify
 t - 2 scrolls of enchant weapon
 u - 2 scrolls of enchant armour
Potions
 d - a potion of invisibility
 e - 4 potions of curing
 f - 5 potions of heal wounds
 g - 3 potions of haste
 h - 4 potions of magic
 i - a potion of berserk rage
 s - a potion of might


   Skills:
 + Level 14.5 Fighting
 + Level 17.9 Maces & Flails
 + Level 14.4 Armour
 + Level 6.0 Dodging
 + Level 2.0 Stealth
 + Level 13.9 Shields
 + Level 2.4 Evocations


You had 10 spell levels left.
You didn't know any spells.
Your spell library was empty.

Dungeon Overview and Level Annotations

Branches:
Dungeon (1/1)

Altars:
Cheibriados
Dithmenos
Elyvilon
Fedhas
Gozag
Hepliaklqana
Kikubaaqudgha
Makhleb
Nemelex Xobeh
Okawaru
Qazlal
Ru
Sif Muna
Trog
Uskayaw
Vehumet
Wu Jian
Xom
Yredelemnul
Zin
The Shining One
Beogh
Jiyva
Lugonu


Innate Abilities, Weirdness & Mutations

You reflexively headbutt those who attack you in melee.
You have a pair of horns on your head.


Message History

The bolt of acid hits the orc knight!!
The orc knight is splashed with acid.
You kill the orc knight!
The bolt of acid hits the orc high priest!
The orc high priest is splashed with acid.
The acid corrodes the orc high priest!
The orc high priest is severely wounded.
The bolt of acid hits the soul eater.
The soul eater is splashed with acid.
The soul eater is lightly wounded.
The orc high priest hits you but does no damage.
The soul eater draws from the surrounding life force!
* * * LOW HITPOINT WARNING * * *
The soul eater is healed.
Your Dodging skill increases to level 6!
Your Stealth skill increases to level 2!
You have reached level 11!
You feel better.
The orc warrior becomes distracted by the nearby gold, dreaming of imaginary riches.
The soul eater draws from the surrounding life force!
You die...
Your body crumbles into a pile of gold.

▓_▓.▓.▓.▓$
▓_▓.▓.▓.▓o▓
▓_▓.▓.▓.▓4▓
▓_▓.▓.▓.▓3▓
▓_▓.▓.▓.▓$▓
▓_▓.▓.▓.▓$▓
▓_▓.▓.▓.▓o▓
▓_▓.▓.▓.▓$▓
▓_▓.▓'▓.▓@▓
▓_▓.▓.▓.▓$▓
▓_▓.▓.▓.▓$▓
▓_▓.▓.▓.▓$▓
▓_▓.▓.▓.▓$▓
▓_▓.▓.▓.▓.▓
▓_▓.▓.▓.▓.▓
▓_▓.▓.▓.▓.▓
▓_▓.▓.▓.▓.▓


You could see a soul eater (summoned), an orc high priest (strong, corroded), an
orange demon (summoned) and an orc warrior (strong, unaware).

Vanquished Creatures
  A hydra (D)
  2 orc knights (D)
  2 lindwurms (D)
  A cyclops (D)
  A black mamba (D)
  2 cane toads (D)
  A rime drake (D)
  3 komodo dragons (D)
  2 tyrant leeches (D)
  2 blink frogs (D)
  A steam dragon (D)
  4 yaks (D)
  A water moccasin (D)
  10 orc warriors (D)
  A necrophage (D)
  2 wolves (D)
  An ogre (D)
  4 bullfrogs (D)
  A scorpion (D)
  A howler monkey (D)
  2 orc wizards (D)
  4 orc priests (D)
  2 adder zombies (D)
  An adder skeleton (D)
  4 worms (D)
  6 orcs (D)
  A bat (D)
  2 giant cockroaches (D)
  A goblin (D)
  A kobold (D)
  A ball python zombie (D)
  A frilled lizard (D)
  A leopard gecko skeleton (D)
70 creatures vanquished.

Notes
Turn   | Place    | Note
-------+----------+-------------------------------------------
     0 | D        | mhtbhm the Minotaur Fighter began the quest for the Orb.
     0 | D        | Reached XP level 1. HP: 19/19 MP: 0/0
     7 | D        | Banished a spatial maelstrom
    33 | D        | Noticed an ogre
    33 | D        | Noticed a scorpion
    43 | D        | Killed a scorpion
    44 | D        | Reached skill level 5 in Fighting
    44 | D        | Reached skill level 3 in Maces & Flails
    44 | D        | Reached skill level 5 in Shields
    44 | D        | Reached XP level 2. HP: 30/30 MP: 1/1
    44 | D        | Reached XP level 3. HP: 37/37 MP: 2/2
    45 | D        | Killed an ogre
    46 | D        | Reached skill level 4 in Maces & Flails
    46 | D        | Reached XP level 4. HP: 45/45 MP: 3/3
    47 | D        | Reached XP level 5. HP: 51/51 MP: 4/4
    56 | D        | Found a roughly hewn altar of Beogh.
    56 | D        | Found a snail-covered altar of Cheibriados.
    56 | D        | Found a shadowy altar of Dithmenos.
    56 | D        | Found a white marble altar of Elyvilon.
    56 | D        | Found a blossoming altar of Fedhas.
    56 | D        | Found an opulent altar of Gozag.
    57 | D        | Found a hazy altar of Hepliaklqana.
    58 | D        | Found a viscous altar of Jiyva.
    59 | D        | Found an ancient bone altar of Kikubaaqudgha.
    60 | D        | Found a corrupted altar of Lugonu.
    61 | D        | Found a burning altar of Makhleb.
    62 | D        | Found a sparkling altar of Nemelex Xobeh.
    63 | D        | Found an iron altar of Okawaru.
    64 | D        | Found a stormy altar of Qazlal.
    65 | D        | Found a sacrificial altar of Ru.
    66 | D        | Found a shimmering blue altar of Sif Muna.
    70 | D        | Became a worshipper of Gozag Ym Sagoz the Greedy
    74 | D        | Found a bloodstained altar of Trog.
    75 | D        | Found a hide-covered altar of Uskayaw.
    76 | D        | Found a radiant altar of Vehumet.
    77 | D        | Found an ornate altar of the Wu Jian Council.
    78 | D        | Found a shimmering altar of Xom.
    79 | D        | Found a basalt altar of Yredelemnul.
    80 | D        | Found a glowing silver altar of Zin.
    81 | D        | Found a glowing golden altar of the Shining One.
    98 | D        | Got the +2 morningstar of Fragile Peace {vorpal, Stlth+}
   142 | D        | Noticed a yak
   142 | D        | Noticed a yak
   147 | D        | Killed a yak
   148 | D        | Reached skill level 6 in Maces & Flails
   148 | D        | Reached XP level 6. HP: 56/61 MP: 5/5
   155 | D        | Killed a yak
   156 | D        | Reached skill level 7 in Maces & Flails
   156 | D        | Reached skill level 10 in Armour
   246 | D        | Noticed a steam dragon
   246 | D        | Noticed a cyclops
   258 | D        | Reached skill level 8 in Maces & Flails
   261 | D        | Reached skill level 10 in Shields
   261 | D        | Reached XP level 7. HP: 70/70 MP: 6/6
   266 | D        | Killed a cyclops
   267 | D        | Reached skill level 10 in Fighting
   267 | D        | Reached skill level 10 in Maces & Flails
   267 | D        | Reached skill level 1 in Dodging
   270 | D        | Reached XP level 8. HP: 32/79 MP: 7/7
   274 | D        | Reached skill level 11 in Maces & Flails
   619 | D        | Noticed a komodo dragon
   619 | D        | Noticed a cane toad
   619 | D        | Noticed a komodo dragon
   619 | D        | Noticed a six-headed hydra
   628 | D        | Killed a six-headed hydra
   629 | D        | Reached skill level 13 in Maces & Flails
   631 | D        | Reached XP level 9. HP: 19/89 MP: 8/8
   632 | D        | Killed a komodo dragon
   635 | D        | Killed a cane toad
   635 | D        | Noticed a rime drake
   636 | D        | Reached skill level 14 in Maces & Flails
   636 | D        | Reached skill level 1 in Evocations
   639 | D        | Killed a komodo dragon
   647 | D        | Killed a rime drake
   648 | D        | Reached skill level 15 in Maces & Flails
   912 | D        | Noticed a cane toad
   912 | D        | Noticed a komodo dragon
   917 | D        | Noticed a black mamba
   924 | D        | Killed a komodo dragon
   925 | D        | Reached skill level 1 in Stealth
   929 | D        | Killed a cane toad
   930 | D        | Reached skill level 5 in Dodging
   932 | D        | Reached XP level 10. HP: 71/100 MP: 9/9
   942 | D        | Reached skill level 16 in Maces & Flails
   948 | D        | Killed a black mamba
  1289 | D        | Noticed a lindwurm
  1300 | D        | Noticed a lindwurm
  1312 | D        | Killed a lindwurm
  1322 | D        | Killed a lindwurm
  1323 | D        | Reached skill level 17 in Maces & Flails
  1640 | D        | Noticed an orc knight
  1653 | D        | Noticed an orc knight
  1655 | D        | Noticed an orc high priest
  1663 | D        | Killed an orc knight
  1664 | D        | Noticed an orange demon
  1665 | D        | Noticed a soul eater
  1673 | D        | Killed an orc knight
  1673 | D        | HP: 3/104 [soul eater/drain life[an orc high priest] (17)]
  1674 | D        | Reached XP level 11. HP: 4/111 MP: 10/10
  1674 | D        | Killed from afar by a soul eater

Illustrated notes

Levels and vault maps discovered:
D:        linesprint [early_d, line_temple, items_1, d_10, items_2, lair_1,
          lair_end, items_3, orc_1, orc_end, items_4, d_15, swamp_1, shoals_1,
          snake_1, spider_1, d_20, vaults_1, items_5, swamp_end, shoals_end,
          snake_end, spider_end, vaults_end, d_27, items_6, zot_1, zot_end,
          crypt_end, forest_end, elf_end, slime_end, tomb_end, abyss_end,
          pan_hell_end]

Skill      XL: |  1  2  3  4  5  6  7  8  9 10 |
---------------+-------------------------------+-----
Fighting       | 5 6 8 9 10 11 12 14 | 14.5
Armour         | 6 7 9 10 11 12 13 14 | 14.4
Shields        | 5 7 8 10 11 12 13 | 13.9
Maces & Flails | 3 4 6 8 10 13 15 17 | 17.9
Dodging        | 1 3 5 6 |  6.0
Evocations     | 1 2 |  2.4
Stealth        | 1 2 |  2.0

Action                   |  1- 3 |  4- 6 |  7- 9 | 10-12 || total
-------------------------+-------+-------+-------+-------++-------
Melee: Flail             |    20 |     5 |       |       ||    25
       Headbutt          |     2 |     9 |    10 |    19 ||    40
       Morningstar       |       |    37 |    53 |    95 ||   185
Evoke: Wand              |       |       |     2 |     5 ||     7
  Use: Potion            |     2 |       |     1 |     2 ||     5
 Stab: Distracted        |       |       |       |     1 ||     1
Armor: Scale mail        |     6 |       |       |       ||     6
       Chain mail        |       |    11 |    28 |    13 ||    52
Dodge: Dodged            |     6 |    11 |    25 |    17 ||    59
Block: Kite shield       |     8 |    14 |    26 |    31 ||    79

Table legend: (Time is in decaauts)
 A = Elapsed time spent in this place.
 B = Non-inter-level travel time spent in this place.
 C = Inter-level travel time spent in this place.
 D = Time resting spent in this place.
 E = Time spent auto-exploring this place.
 F = Levels seen in this place.
 G = Mean time per level.
                   A        B        C        D        E       F      G
               +--------+--------+--------+--------+--------+-----+--------+
         Total |   1653 |   1653 |      0 |    968 |    172 |   1 | 1653.0 |
       Dungeon |   1653 |   1653 |      0 |    968 |    172 |   1 | 1653.0 |
               +--------+--------+--------+--------+--------+-----+--------+

Top non-repeatable levels by time:
       D: 1653 daAuts
